 Dungeon Crawl Stone Soup version 0.23.1 (webtiles) character file.

Game seed: 9529685553665934868

12928 Freyura the Blocker (level 12, -8/75 HPs)
             Began as a Gargoyle Fighter on Mar 11, 2019.
             Was a High Priest of the Shining One.
             Splashed by Psyche's acid (14 damage)
             ... on level 11 of the Dungeon.
             The game lasted 00:43:52 (8895 turns).

Freyura the Blocker (Gargoyle Fighter)              Turns: 8895, Time: 00:43:53

Health: -8/75      AC: 21    Str: 21    XL:     12   Next: 0%
Magic:  0/17       EV:  6    Int:  9    God:    the Shining One [*****.]
Gold:   493        SH: 12    Dex: 13    Spells: 11/11 levels left

rFire    x . .     SeeInvis .   y - +6 mace (protect)
rCold    + . .     Gourm    .   c - +0 shield
rNeg     + + +     Faith    .   p - +0 plate armour
rPois    ∞         Spirit   +   i - +0 helmet
rElec    +         Reflect  .   b - +2 cloak {MR+}
rCorr    .         Harm     .   m - +2 pair of gloves
MR       +....                  (no boots)
Stlth    ..........             a - amulet of guardian spirit
HPRegen  0.22/turn              d - ring of ice
MPRegen  0.15/turn              (no ring)

@: about to teleport, corroded, protection aura, glowing
A: negative energy resistance 1, electricity resistance, unbreathing,
petrification resistance, rot immunity, AC +8
a: Divine Shield, Cleansing Flame, Summon Divine Warrior, Renounce Religion


You were on level 11 of the Dungeon.
You worshipped the Shining One.
The Shining One was extremely pleased with you.
You were not hungry.

You visited 2 branches of the dungeon, and saw 12 of its levels.
You also visited: Ossuary.

You collected 493 gold pieces.

Inventory:

Hand Weapons
 y - a +6 mace of protection (weapon)
Armour
 b - a +2 cloak of magic resistance (worn)
 c - a +0 shield (worn)
 i - a +0 helmet (worn)
 m - a +2 pair of gloves (worn)
 p - a +0 plate armour (worn)
Jewellery
 a - an amulet of guardian spirit (around neck)
 d - a ring of ice (left hand)
 G - a cursed ring of teleportation {unknown}
Wands
 w - a wand of iceblast (12)
 z - a wand of digging (6)
 C - a wand of paralysis (10)
 D - a wand of flame (22)
Scrolls
 e - a scroll of identify
 j - 3 scrolls of amnesia
 k - 6 scrolls of remove curse
 l - 3 scrolls of teleportation
 q - 2 scrolls of blinking
 r - 2 scrolls of enchant weapon
 t - 2 scrolls of magic mapping
 u - a scroll of fog
 F - a scroll of acquirement {unknown}
Potions
 g - 2 potions of heal wounds
 h - 2 potions of magic
 n - 5 potions of curing
 o - a potion of haste
 s - a potion of agility
 v - a potion of flight
 x - a potion of berserk rage
 A - 2 potions of ambrosia
 B - a potion of brilliance
 E - a potion of resistance {unknown}
Comestibles
 f - 5 rations


   Skills:
 + Level 8.7 Fighting
 * Level 10.4 Maces & Flails
 + Level 8.6 Armour
 * Level 11.5 Shields
 + Level 7.3 Invocations


You had 11 spell levels left.
You didn't know any spells.
Your spell library contained the following spells:

 Spells                   Type           Power        Failure   Level  Hunger
 Corona                   Hex            #......      100%        1    ##.....
 Slow                     Hex            #.......     100%        2    ###....
 Inner Flame              Hex/Fire       #.......     100%        3    ####...
 Portal Projectile        Hex/Tloc       #.....       100%        3    ####...
 Cause Fear               Hex            #.........   100%        4    #####..
 Leda's Liquefaction      Hex/Erth       #.........   100%        4    #####..


Dungeon Overview and Level Annotations

Branches:
Dungeon (11/15)            Temple (1/1) D:4            Lair (0/6) D:9
    Orc: D:9-12

Altars:
Ashenzari
Cheibriados
Dithmenos
Elyvilon
Fedhas
Gozag
Hepliaklqana
Kikubaaqudgha
Makhleb
Nemelex Xobeh
Okawaru
Qazlal
Ru
Sif Muna
Trog
Uskayaw
Vehumet
Wu Jian
Xom
Yredelemnul
Zin
The Shining One

Annotations:
D:6 1 runed translucent door
D:11 Psyche


Innate Abilities, Weirdness & Mutations

You are resistant to torment.
Your stone body is resilient. (AC +8)
You are immune to poison.
You resist negative energy. (rN+)
You are resistant to electric shocks. (rElec)
You can survive without breathing.
You are immune to petrification.
You are immune to rotting.


Message History

You block the puff of flame.
Psyche laughs secretively.
You block Psyche's attack.
You hit Psyche but do no damage.
Psyche is moderately wounded.
Psyche zaps a wand.
The bolt of acid hits you!
* * * LOW HITPOINT WARNING * * *
The acid corrodes you!
You are splashed with acid!
* * * LOW HITPOINT WARNING * * *
You block Psyche's attack.
Unknown command.
As you read the scroll of teleportation, it crumbles to dust.
You feel strangely unstable. Psyche gestures at you while chanting.
The puff of frost hits you. You resist.
* * * LOW HITPOINT WARNING * * *
Psyche zaps a wand.
The bolt of acid hits you!
* * * LOW HITPOINT WARNING * * *
You are splashed with acid!
You die...

####<....#
.........#
####.....#
####.....#
..##.....# ###
#.##.##### ..#
#.##.# #F# .....#
#@# #.#########
#@# #.#...()).#
#.# #.#.#####.#
#.#
#......##.######.#
###.##.......>...#
#.#####.########
#.#####.#
#.......#
#########


You could see Psyche and a bullfrog.

Vanquished Creatures
  2 two-headed ogres
  2 wolf spider zombies (D:8)
  A manticore (D:10)
  Joseph (D:7)
  2 hellwings (D:8)
  The ghost of SharpKris the Charmwright, an amateur GnSk (D:4)
  A hornet (D:10)
  4 hippogriffs
  10 yaks
  2 wraiths (Ossuary)
  2 hungry ghosts
  An ice beast (D:9)
  6 orc warriors
  2 sky beasts
  5 ogres
  2 black bears
  A phantom (D:4)
  6 centaurs
  A big kobold (D:9)
  3 bullfrogs
  A wyvern zombie (D:8)
  2 gnoll sergeants
  Blork the orc (D:5)
  6 wights
  A howler monkey (D:7)
  2 bullfrog zombies
  6 centaur zombies
  3 crimson imps
  A quasit (D:9)
  2 bullfrog skeletons (D:6)
  3 jellies
  Crazy Yiuf (D:7)
  10 hounds
  9 orc priests
  13 orc wizards
  Natasha (thrice) (D:4)
  7 worker ants
  A hound skeleton (D:9)
  2 howler monkey zombies (D:10)
  3 worker ant zombies
  12 gnolls
  10 adders
  6 shadow imps
  2 oozes
  3 adder zombies (Ossuary)
  An adder skeleton (D:6)
  4 worms
  3 dart slugs
  6 leopard geckos
  36 orcs
  A ball python (D:1)
  10 giant cockroaches
  9 goblins
  9 hobgoblins
  14 jackals
  7 quokkas
  A ball python skeleton (Ossuary)
  A ball python zombie (D:6)
  10 bats
  6 frilled lizards
  A hobgoblin zombie (Ossuary)
  A jackal skeleton (D:5)
  17 kobolds
  A kobold zombie (Ossuary)
  A leopard gecko zombie (D:6)
  An orc skeleton (Ossuary)
  An orc zombie (Ossuary)
  2 quokka skeletons (D:4)
  3 rats
  A bush (D:7)
  A fungus (D:7)
313 creatures vanquished.

Notes
Turn   | Place    | Note
-------+----------+-------------------------------------------
     0 | D:1      | Freyura the Gargoyle Fighter began the quest for the Orb.
     0 | D:1      | Reached XP level 1. HP: 14/14 MP: 1/1
   127 | D:1      | Reached XP level 2. HP: 18/19 MP: 2/2
   558 | D:2      | Reached XP level 3. HP: 12/23 MP: 3/3
   847 | D:2      | Reached skill level 4 in Shields
  1166 | D:2      | Reached XP level 4. HP: 28/29 MP: 4/4
  1386 | D:2      | Noticed an orc warrior
  1410 | D:2      | Killed an orc warrior
  1410 | D:2      | Reached XP level 5. HP: 33/33 MP: 5/5
  1817 | D:3      | Reached XP level 6. HP: 25/38 MP: 6/6
  1821 | D:3      | Reached skill level 5 in Shields
  2509 | D:4      | Found a staircase to the Ecumenical Temple.
  2514 | Temple   | Entered the Ecumenical Temple
  2679 | Temple   | Became a worshipper of the Shining One
  2828 | D:4      | Noticed a phantom
  2882 | D:4      | Killed a phantom
  2973 | D:4      | Noticed SharpKris's ghost (amateur GnSk)
  2977 | D:4      | Found a runed translucent door.
  3025 | D:4      | Reached XP level 7. HP: 36/44 MP: 7/7
  3032 | D:4      | Reached skill level 1 in Invocations
  3109 | D:4      | Noticed Natasha
  3114 | D:4      | Killed Natasha
  3208 | D:4      | Noticed Natasha
  3220 | D:4      | Killed Natasha
  3220 | D:4      | Reached * piety under the Shining One
  3243 | D:4      | Noticed Natasha
  3249 | D:4      | Killed Natasha
  3455 | D:4      | Killed SharpKris's ghost
  3455 | D:4      | Reached skill level 5 in Fighting
  3455 | D:4      | Reached skill level 5 in Maces & Flails
  3455 | D:4      | Reached skill level 6 in Shields
  3493 | D:5      | Entered Level 5 of the Dungeon
  3576 | D:5      | Reached XP level 8. HP: 45/49 MP: 9/9
  3597 | D:5      | Reached skill level 5 in Armour
  3645 | D:5      | Noticed Blork the orc
  3656 | D:5      | Killed Blork the orc
  4265 | D:6      | Reached skill level 7 in Shields
  4358 | D:6      | Found a burning altar of Makhleb.
  4358 | D:6      | Reached ** piety under the Shining One
  4425 | D:6      | Reached XP level 9. HP: 52/55 MP: 11/11
  4456 | D:6      | Found a shattered altar of Ashenzari.
  4526 | D:6      | Found a glowing golden altar of the Shining One.
  4537 | D:6      | Found a runed translucent door.
  4537 | D:6      | Noticed an angel
  4789 | D:6      | Reached skill level 8 in Shields
  5274 | D:7      | Found a burning altar of Makhleb.
  5436 | D:7      | Noticed Joseph
  5461 | D:7      | Killed Joseph
  5481 | D:7      | Found a flagged portal.
  5811 | D:7      | Reached skill level 9 in Shields
  5811 | D:7      | Reached XP level 10. HP: 59/61 MP: 13/13
  5957 | D:7      | Found a runed translucent door.
  5958 | D:7      | Noticed Crazy Yiuf
  5966 | D:7      | Killed Crazy Yiuf
  6172 | D:8      | Noticed a two-headed ogre
  6183 | D:8      | Killed a two-headed ogre
  6183 | D:8      | Reached skill level 5 in Invocations
  6245 | D:8      | Reached *** piety under the Shining One
  6408 | D:8      | Reached skill level 10 in Shields
  6429 | D:8      | Reached XP level 11. HP: 65/68 MP: 15/15
  6549 | D:8      | Found a sand-covered staircase.
  6559 | Ossuary  | Entered an ossuary
  6592 | Ossuary  | Reached **** piety under the Shining One
  7249 | D:9      | Found a sparkling altar of Nemelex Xobeh.
  7375 | D:9      | Found a staircase to the Lair.
  7393 | D:9      | Noticed a two-headed ogre
  7400 | D:9      | Killed a two-headed ogre
  7742 | D:9      | Reached skill level 11 in Shields
  7784 | D:9      | Found a basalt altar of Yredelemnul.
  7936 | D:9      | Reached ***** piety under the Shining One
  7951 | D:9      | Reached skill level 10 in Maces & Flails
  8066 | D:10     | Entered Level 10 of the Dungeon
  8479 | D:10     | Noticed a manticore
  8496 | D:10     | Killed a manticore
  8851 | D:11     | Reached XP level 12. HP: 75/75 MP: 17/17
  8887 | D:11     | Noticed Psyche
  8895 | D:11     | Splashed by Psyche's acid

Skill      XL: |  1  2  3  4  5  6  7  8  9 10 11 |
---------------+----------------------------------+-----
Shields        | 4 5 6 7 9 10 11 | 11.5
Maces & Flails | 3 4 5 6 7 9 10 | 10.4
Fighting       | 4 5 6 7 8 |  8.7
Armour         | 4 5 6 7 8 |  8.6
Invocations    | 2 3 4 6 7 |  7.3

Action                   |  1- 3 |  4- 6 |  7- 9 | 10-12 || total
-------------------------+-------+-------+-------+-------++-------
Melee: Flail             |   140 |   278 |   174 |       ||   592
       Mace              |       |       |   191 |   580 ||   771
Invok: Divine Shield     |       |       |       |     1 ||     1
  Use: Scroll            |       |     1 |     3 |    17 ||    21
       Potion            |       |       |       |     4 ||     4
  Eat: Ration            |     2 |     2 |     2 |     4 ||    10
Armor: Scale mail        |    71 |    31 |       |       ||   102
       Plate armour      |       |   147 |   303 |   361 ||   811
Dodge: Dodged            |    46 |    51 |    55 |   114 ||   266
Block: Shield            |    72 |   171 |   251 |   386 ||   880
